 Dungeon Crawl Stone Soup version 0.29.1-2-gbd0b4ee654 (webtiles) character file.

Game seed: 6396434884445073820

0 MrSixtyFour the Sneak (level 1, 0/9 HPs)
             Began as a Spriggan Enchanter on Nov 25, 2022.
             Killed from afar by a dart slug (3 damage)
             ... with a slug dart
             ... on level 1 of the Dungeon.
             The game lasted 00:00:30 (72 turns).

MrSixtyFour the Sneak (Spriggan Enchanter)            Turns: 72, Time: 00:00:31

Health: 0/9        AC:  2    Str:  4    XL:     1   Next: 8%
Magic:  5/5        EV: 17    Int: 16    God:
Gold:   17         SH:  0    Dex: 15    Spells: 5/5 levels left

rFire   . . .      SeeInvis +   a - +1 dagger
rCold   . . .      Faith    .   (no shield)
rNeg    . . .      Spirit   .   b - +0 robe
rPois   .          Reflect  .   (helmet restricted)
rElec   .          Harm     .   (no cloak)
rCorr   .          Rampage  .   (gloves unavailable)
Will    .....                   (boots unavailable)
Stlth   +++.......              (no amulet)
HPRegen 0.03/turn               (no ring)
MPRegen 0.09/turn               (no ring)

@: very quick
A: very small, no large weapons, unfitting armour, see invisible, speed 3
a: no special abilities


You were on level 1 of the Dungeon.
You visited 1 branch of the dungeon, and saw 1 of its levels.

You collected 17 gold pieces.

Inventory:

Hand Weapons
 a - a +1 dagger (weapon)
Armour
 b - a +0 robe (worn)
Scrolls
 d - a scroll of amnesia {unknown}
 e - a scroll of identify {unknown}
Potions
 c - 2 potions of invisibility


   Skills:
 + Level 1.1 Short Blades
 + Level 2.6 Dodging
 + Level 4.4 Stealth
 + Level 2.7 Spellcasting
 + Level 3.6 Hexes


You had 5 spell levels left.
You didn't know any spells.
Your spell library contained the following spells:

 Spells                   Type           Power      Damage    Failure   Level
 Confusing Touch          Hex            13%        N/A       13%         3
 Tukima's Dance           Hex            13%        N/A       13%         3
 Ensorcelled Hibernation  Hex/Ice        16%        N/A       14%         2
 Dazzling Flash           Conj/Hex       16%        N/A       26%         3


Dungeon Overview and Level Annotations

Branches:
Dungeon (1/15)

Altars:


Innate Abilities, Weirdness & Mutations

You are very small and have problems with some larger weapons.
You are too small for most types of armour.
You have supernaturally acute eyesight. (SInv)
You cover ground extremely quickly. (Speed+++)


Message History

Welcome, MrSixtyFour the Spriggan Enchanter.
You feel drawn to the Orb of Zot, downwards into the unfathomable depths...
Press ? for a list of commands and other information.
Found a spear and a dagger.
Found a staircase leading out of the dungeon.
You see here a +0 spear.
There is a staircase leading out of the dungeon here.
You open the gate.
There is an open gate here.
You see here a +0 dagger.
Found a helmet.
You now have 6 gold pieces.
You now have 17 gold pieces (gained 11).
d - a scroll labelled HUKLAR ORUIPP You see here a +0 helmet.
A frilled lizard comes into view.
Found a scroll labelled DAHAYS AGAH GIA.
The frilled lizard hisses angrily.
You hear a shout!
The frilled lizard bites you but does no damage.
You hit the frilled lizard.
You kill the frilled lizard!
A dart slug and a hobgoblin come into view.
The hobgoblin shouts!
Okay, then.
Found a stone staircase leading down.
You see here a scroll labelled DAHAYS AGAH GIA.
e - a scroll labelled DAHAYS AGAH GIA The hobgoblin hits you.
You hit the hobgoblin but do no damage. The hobgoblin closely misses you.
You closely miss the hobgoblin. The hobgoblin hits you.
You hit the hobgoblin but do no damage. The hobgoblin misses you.
A dart slug comes into view.
The dart slug launches a dart at you. The slug dart hits you.
You die...

###.##..............#
...
#.......##..##.#..
###
#.................
#.......##........
#######.##.##.....
####..##........
#.......###.....
#.w#............
######.#.@.......###.
#..w....g.##.#.#...#
...####.#####.#.# #..
#.# #.#.# # #.> ..# #
### ###


You could see 2 dart slugs and a hobgoblin.

Vanquished Creatures
  A frilled lizard (D:1)
1 creature vanquished.

Notes
Turn   | Place    | Note
-------+----------+-------------------------------------------
     0 | D:1      | MrSixtyFour the Spriggan Enchanter began the quest for the
                  | Orb.
     0 | D:1      | Reached XP level 1. HP: 9/9 MP: 5/5
    72 | D:1      | Killed from afar by a dart slug

Illustrated notes

Levels and vault maps discovered:
D:1:      dpeg_arrival_windows_large_door, layout_loops_cross,
          dreamdust_ecumenical_altar_grove

Action                   || total
-------------------------++-------
Melee: Dagger            ||     4
Armor: Robe              ||     1
Dodge: Dodged            ||     2
